 Dungeon Crawl Stone Soup version 0.31-a0-845-g9abc20d24f (webtiles) character file.

Game seed: 1380920422913216757

2538 avis the Nimble (level 9, -16/40 HPs)
             Began as a Felid Shapeshifter on Oct 2, 2023.
             Demolished by a boulder beetle (17 damage)
             ... on level 8 of the Dungeon on Oct 3, 2023.
             The game lasted 00:57:04 (10345 turns).

avis the Nimble (Felid Shapeshifter)               Turns: 10345, Time: 00:57:04

Health: -16/40     AC:  2    Str: 12    XL:     9   Next: 30%
Magic:  9/9        EV: 26    Int: 11    God:
Gold:   508        SH:  0    Dex: 18    Spells: 8/10 levels left
                                        Lives:  0   Deaths: 3

rFire   + .          .
                       - Unarmed
rCold   + . .        (shield unavailable)
rNeg    . . .        (body armour unavailable)
rPois   .            (helmet unavailable)
rElec   .            (cloak unavailable)
rCorr   .            (gloves unavailable)
SInv    +            (boots unavailable)
Will    +....        (no amulet)
Stlth   +            i - ring of protection from fire
HPRegen 0.26/turn    o - ring of protection from cold
MPRegen 0.11/turn

%: no passive effects
@: flux-form, glowing, studying Earth Magic, quick
A: glow, contaminating, very small, claws 1, fangs 3, see invisible, speed 1,
shaggy fur 2, stealthy paws, no weapons or thrown items, no armour, multi-lived,
low MP 2
a: Begin Untransformation


You were on level 8 of the Dungeon.
You were something dangerously unstable.
You visited 2 branches of the dungeon, and saw 10 of its levels.

You collected 508 gold pieces.

Inventory:

Jewellery
 i - a ring of protection from fire (left paw)
 o - a ring of protection from cold (right paw)
Talismans
 b - a beast talisman
 f - a flux talisman (active)
 s - a serpent talisman
Wands
 x - a wand of roots (8)
Scrolls
 c - a scroll of poison {unknown}
 d - 6 scrolls of identify {unknown}
 e - a scroll of blinking {unknown}
 g - a scroll of revelation {unknown}
 h - 2 scrolls of vulnerability {unknown}
 p - a scroll of fog {unknown}
 u - 2 scrolls of acquirement {unknown}
 v - a scroll of noise {unknown}
 w - a scroll of torment {unknown}
 y - 2 scrolls of teleportation {unknown}
 A - a scroll of summoning {unknown}
Potions
 a - a potion of ambrosia {unknown}
 k - 2 potions of berserk rage {unknown}
 l - 2 potions of brilliance {unknown}
 m - a potion of enlightenment {unknown}
 n - 3 potions of heal wounds {unknown}
 q - a potion of mutation
 r - 2 potions of might {unknown}
 t - a potion of invisibility {unknown}
 z - a potion of attraction {unknown}
 B - a potion of degeneration {unknown}


   Skills:
 - Level 5.0 Fighting
 * Level 11.7 Dodging
 - Level 4.0 Stealth
 - Level 3.0 Unarmed Combat
 - Level 1.0 Spellcasting
 - Level 4.0 Translocations
 - Level 7.0 Shapeshifting


You had 8 spell levels left.
You knew the following spells:

 Your Spells              Type           Power      Damage    Failure   Level
b - Blink                 Tloc           18%        N/A       10%         2

Your spell library contained the following spells:

 Spells                   Type           Power      Damage    Failure   Level
 Freeze                   Ice            0%         1d3       32%         1
 Shock                    Conj/Air       0%         1d3       32%         1
 Volatile Blastmotes      Fire/Tloc      8%         2d10      38%         3
 Scorch                   Fire           0%         2d5       43%         2
 Manifold Assault         Tloc           9%         N/A       52%         4
 Dazzling Flash           Conj/Hex       0%         N/A       67%         3
 Frozen Ramparts          Ice            0%         1d1       67%         3
 Hailstorm                Conj/Ice       0%         3d3       67%         3
 Swiftness                Air            0%         N/A       67%         3
 Airstrike                Air            0%         2d(0-16)  97%         4
 Flame Wave               Conj/Fire      0%         2d4       97%         4
 Starburst                Conj/Fire      0%         6d3       100%        6
 Summon Cactus Giant      Summ           0%         N/A       100%        6
 Maxwell's Capacitive Co  Air            0%         ∞         100%        8


Dungeon Overview and Level Annotations

Branches:
Dungeon (9/15)             Temple (1/1) D:7            Lair (0/5) D:9
    Orc: D:9-12

Altars:
Ashenzari
Cheibriados
Dithmenos
Elyvilon
Hepliaklqana
Kikubaaqudgha
Makhleb
Nemelex Xobeh
Okawaru
Qazlal
Ru
Sif Muna
Trog
Uskayaw
Vehumet
Wu Jian
Yredelemnul
Zin
The Shining One

Shops:
D:7 ([[[!

Annotations:
D:4 3 runed translucent doors, osoart's ghost, amateur HuSh
D:5 Grinder
D:6 4 runed translucent doors, Hubris850's ghost, novice SpBr; Jeremiah
D:7 3 runed translucent doors, freelancePsychic's ghost, novice OgCj
D:8 exclusion: hornet


Innate Abilities, Weirdness & Mutations

You are something dangerously unstable.
You glow with magical radiation, making you easy to see and hit.
Foes you strike become dangerously contaminated with magical radiation.
You have sharp claws.
You have razor-sharp teeth.
You have supernaturally acute eyesight. (SInv)
You cover ground quickly. (Speed+)
You are covered in thick fur. (AC +2)
Your paws help you pounce on unaware monsters.
You are incapable of wielding weapons or throwing items.
You cannot wear armour.
You gain extra lives every three experience levels.
Your magical capacity is very low. (-20% MP)


Message History

Press: ? - help, . - travel You can't see that place. [the floor.] Reduced exclusion size to a single square.
Removed exclusion.
The boulder beetle closely misses you.
You scratch the boulder beetle but do no damage.
The boulder beetle begins to glow.
The boulder beetle completely misses you.
You scratch the boulder beetle but do no damage.
The boulder beetle glows dangerously bright.
The boulder beetle leaps!
Aiming: Fastroot
Press: ? - help, Shift-Dir - straight line The roots erupt in riotous growth!
Roots grab the boulder beetle.
The grasping roots constrict the boulder beetle, but do no damage.
The boulder beetle struggles to escape constriction.
The grasping roots constrict the boulder beetle, but do no damage.
The roots release their grip on the boulder beetle.
Aiming: Fastroot
Press: ? - help, Shift-Dir - straight line, f - boulder beetle
Aim: a boulder beetle (heavily contaminated)
The roots erupt in riotous growth!
Roots grab the boulder beetle.
The grasping roots constrict the boulder beetle.
The boulder beetle curls into a ball and begins rolling!
The grasping roots constrict the boulder beetle.
The roots release their grip on the boulder beetle.
The boulder beetle hits you!!!
Ouch! That really hurt!
* * * LOW HITPOINT WARNING * * *
The boulder beetle stops rolling and uncurls.
Aiming: Fastroot
Press: ? - help, Shift-Dir - straight line, p - boulder beetle The roots erupt in riotous growth!
Roots grab the boulder beetle.
The grasping roots constrict the boulder beetle, but do no damage.
The boulder beetle bites you!
You die...

######........# #.....##..)
#........######.....##...
#............##.....##...
#............##.....##...
###............##..........
#..[.............##..........
#.............°..............
#............B...............
#...........p......##........
##...#.............##.....[..
#...#.............###.......
#........###............###.
........# #...........##.##
......... #.........#.#._.#
..<.......#.........#......
..........#.........##.....
..........#......###.##...#


You could see a boulder beetle (contam, rooted).

Vanquished Creatures
  Maggie (D:8)
  2 vampire mosquitoes (D:8)
  2 water moccasins
  2 sky beasts
  An orc warrior (D:7)
  2 ice beasts
  A black bear (D:7)
  An ogre (D:4)
  A phantom (D:5)
  A kobold brigand (D:6)
  2 bullfrogs
  A gnoll sergeant (D:8)
  4 wights
  3 jellies
  An orc priest (D:6)
  2 hounds (D:5)
  A sleepcap (D:5)
  5 orc wizards
  2 scorpion zombies (D:4)
  A hound zombie (D:4)
  3 gnolls (D:8)
  10 adders
  A shadow imp (D:6)
  2 white imps
  An ufetubus (D:4)
  2 adder skeletons (D:4)
  An adder zombie (D:4)
  2 worms
  3 dart slugs
  22 orcs
  5 ball pythons
  7 endoplasms
  7 giant cockroaches
  10 goblins
  13 hobgoblins
  3 quokkas
  4 bats
  6 frilled lizards
  10 kobolds
  2 rats
150 creatures vanquished.

Notes
Turn   | Place    | Note
-------+----------+-------------------------------------------
     0 | D:1      | avis the Felid Shapeshifter began the quest for the Orb.
     0 | D:1      | Reached XP level 1. HP: 9/9 MP: 2/2
   195 | D:1      | Reached XP level 2. HP: 13/13 MP: 3/3
   325 | D:1      | Reached skill level 3 in Dodging
   606 | D:1      | Reached skill level 1 in Stealth
   943 | D:1      | Reached XP level 3. HP: 9/16 MP: 4/4
  1802 | D:2      | Gained mutation: Your magical capacity is low. (-10% MP)
                  | [potion of mutation]
  1802 | D:2      | Gained mutation: Your magical capacity is very low. (-20%
                  | MP) [potion of mutation]
  2240 | D:2      | Reached XP level 4. HP: 21/21 MP: 4/4
  2367 | D:2      | Reached skill level 4 in Dodging
  2484 | D:3      | Found a sparkling altar of Nemelex Xobeh.
  2549 | D:3      | Reached skill level 5 in Dodging
  2595 | D:3      | Learned a level 2 spell: Blink
  2633 | D:3      | Reached XP level 5. HP: 21/24 MP: 5/5
  2647 | D:3      | Found a sacrificial altar of Ru.
  3371 | D:4      | Noticed an ogre
  3379 | D:4      | Killed an ogre
  3380 | D:4      | Reached skill level 6 in Dodging
  3380 | D:4      | Reached skill level 1 in Translocations
  3463 | D:4      | Gained mutation: You are covered in thick fur. (AC +2)
                  | [Felid growth]
  3463 | D:4      | Reached XP level 6. HP: 25/28 MP: 5/5
  3544 | D:4      | Found a runed translucent gate.
  3545 | D:4      | Found a runed translucent gate.
  3546 | D:4      | Found a runed translucent gate.
  3547 | D:4      | Noticed osoart's ghost (amateur HuSh)
  3947 | D:4      | Reached skill level 5 in Shapeshifting
  4455 | D:5      | Entered Level 5 of the Dungeon
  4646 | D:5      | Found a hide-covered altar of Uskayaw.
  4834 | D:5      | Found a broken altar of Ashenzari.
  4953 | D:5      | Found a glowing silver altar of Zin.
  4953 | D:5      | Noticed an angel
  5079 | D:5      | Noticed Grinder
  5141 | D:5      | Reached skill level 1 in Spellcasting
  5141 | D:5      | Reached XP level 7. HP: 27/32 MP: 6/7
  5643 | D:6      | Found an ornate altar of the Wu Jian Council.
  5988 | D:6      | Reached skill level 7 in Dodging
  6026 | D:6      | Found a runed translucent gate.
  6026 | D:6      | Found a runed translucent gate.
  6026 | D:6      | Found a runed translucent gate.
  6027 | D:6      | Noticed Hubris850's ghost (novice SpBr)
  6056 | D:6      | Found an ancient bone altar of Kikubaaqudgha.
  6557 | D:6      | HP: 1/32 [ice beast (1)]
  6557 | D:6      | Slain by an ice beast
  6824 | D:6      | Noticed Jeremiah
  6884 | D:6      | Reached skill level 8 in Dodging
  7035 | D:6      | Reached skill level 9 in Dodging
  7035 | D:6      | Reached XP level 8. HP: 18/36 MP: 8/8
  7133 | D:6      | Found an iron altar of Okawaru.
  7133 | D:6      | Found a runed translucent door.
  7170 | D:6      | Found the +0 toga "Victory" {*Victory Clar}
  7461 | D:7      | Found Yler's Armour Shoppe.
  7463 | D:7      | Found a hazy altar of Hepliaklqana.
  7484 | D:7      | Found Lyfiegrogi's Distillery.
  7586 | D:7      | Found a glowing golden altar of the Shining One.
  7590 | D:7      | Found a runed translucent gate.
  7591 | D:7      | Found a runed translucent gate.
  7592 | D:7      | Noticed freelancePsychic's ghost (novice OgCj)
  7593 | D:7      | Found a runed translucent gate.
  7593 | D:7      | Identified the +10 plate armour of Licousko {Int+3}
  7628 | D:7      | Found Fits's Antique Armour Shoppe.
  7676 | D:7      | Found Zoxiuse's Antique Weapon Shop.
  7687 | D:7      | Found a staircase to the Ecumenical Temple.
  7700 | Temple   | Entered the Ecumenical Temple
  7989 | D:7      | Found Udemod's Armour Shoppe.
  8459 | D:7      | Found a radiant altar of Vehumet.
  8696 | D:7      | Reached skill level 5 in Fighting
  8802 | D:8      | Found a shadowy altar of Dithmenos.
  8926 | D:8      | Reached skill level 10 in Dodging
  9215 | D:8      | Noticed a hornet
  9370 | D:8      | Reached XP level 9. HP: 38/40 MP: 9/9
  9483 | D:8      | HP: 2/40 [vampire mosquito (6)]
  9484 | D:8      | Mangled by a vampire mosquito
  9714 | D:8      | Noticed a boulder beetle
  9876 | D:9      | Noticed a death yak
  9876 | D:9      | Noticed Maggie
  9876 | D:9      | Found a staircase to the Lair.
  9876 | D:9      | Noticed a death yak
  9950 | D:9      | Noticed a death yak
  9964 | D:8      | Killed Maggie
  9965 | D:8      | Reached skill level 11 in Dodging
 10294 | D:8      | Mangled by a death yak
 10344 | D:8      | HP: 1/40 [boulder beetle (39)]
 10345 | D:8      | Demolished by a boulder beetle

Illustrated notes

Levels and vault maps discovered:
D:1:      enne_arrival_octagon_isle, layout_basic, minmay_worlds_worst_comb
D:2:      layout_basic, minivault_4
D:3:      layout_basic, nicolae_ru_sacrificial_ziggurat,
          mainiacjoe_overflow_chevrons
D:4:      layout_basic, serial_undead, serial_undead_e, serial_undead_d,
          serial_undead_d, serial_undead_c, ebering_ghost_rock_garden
D:5:      layout_gridville, zin_angel, ashenzari_altar_1, kennysheep_mini,
          uniq_grinder
D:6:      layout_gridville, nicolae_wu_jian_wuxing_cycle,
          nicolae_overflow_guarded_unrand_okawaru_victory,
          mainiacjoe_overflow_concentric_impassable,
          gammafunk_ghost_nasty_kobolds, uniq_jeremiah
D:7:      layout_loops_cross, old_standard_altar,
          nicolae_overflow_crystal_walls, nicolae_vehumet_altar_sigil,
          minmay_temple_entry_tees, biasface_ghost_orc_armoury, serial_shops,
          shop, shop, shop, nicolae_shop_statue_plus, shop
D:8:      layout_basic, nicolae_dithmenos_through_a_glass_darkly,
          minmay_misc_feat_diagonals, nicolae_water_bricks
D:9:      layout_cave_pools, fedhas_altar_1,
          mainiacjoe_overflow_small_starburst, mainiacjoe_overflow_brackets,
          dpeg_lair_monsters, special_room [special_room_orc], serial_shops,
          nicolae_shop_bloodbath_and_beyond, serial_column_ruins,
          column_ruins_open_medium, column_ruins_open_medium,
          column_ruins_columns_straight, minmay_misc_feat_alley,
          minmay_misc_feat_secret_circle, chequers_serial_rivers_small_b,
          nicolae_inconvenience_store, uniq_maggie
Temple:   hellmonk_temple_two_chambers

Skill      XL: |  1  2  3  4  5  6  7  8  9 |
---------------+----------------------------+-----
Fighting       | 2 3 4 5 |  5.0
Dodging        | 3 5 6 9 10 11 | 11.7
Stealth        | 1 2 3 4 |  4.0
Translocations | 1 2 3 4 |  4.0
Shapeshifting  | 4 5 7 |  7.0
Spellcasting   | 1 |  1.0
Unarmed Combat | |  3.0

Action                     |  1- 3 |  4- 6 |  7- 9 || total
---------------------------+-------+-------+-------++-------
  Melee: Unarmed           |    87 |   173 |   302 ||   562
         Bite              |     5 |    24 |    40 ||    69
         Punch             |       |     6 |     4 ||    10
  Evoke: Wand              |       |       |     3 ||     3
    Use: Potion            |     2 |     1 |     3 ||     6
   Stab: Sleeping          |     7 |     7 |     3 ||    17
 Armour: Skin              |    26 |    48 |    90 ||   164
  Dodge: Dodged            |    58 |   130 |   279 ||   467
   Form: Flux              |       |       |     1 ||     1

Table legend: (Time is in decaauts)
 A = Elapsed time spent in this place.
 B = Non-inter-level travel time spent in this place.
 C = Inter-level travel time spent in this place.
 D = Time resting spent in this place.
 E = Time spent auto-exploring this place.
 F = Levels seen in this place.
 G = Mean time per level.
                   A        B        C        D        E       F      G
               +--------+--------+--------+--------+--------+-----+--------+
         Total |   8925 |   7868 |   1057 |   2034 |   3660 |  10 |  892.5 |
       Dungeon |   8896 |   7839 |   1057 |   2019 |   3660 |   9 |  988.4 |
        Temple |     29 |     29 |      0 |     15 |      0 |   1 |   29.0 |
               +--------+--------+--------+--------+--------+-----+--------+

Top non-repeatable levels by time:
     D:6: 1489 daAuts
     D:8: 1362 daAuts
     D:5: 1128 daAuts
     D:2: 1109 daAuts
     D:4: 1062 daAuts
     D:7: 982 daAuts
     D:1: 872 daAuts
     D:3: 843 daAuts
     D:9: 45 daAuts
  Temple: 29 daAuts
